 Dungeon Crawl Stone Soup version 0.28-a0-445-g51f8dfeb47 (webtiles) character file.

Game seed: 17381567072400042103

50 GordonOverkill the Grave Robber (level 3, -3/15 HPs)
             Began as a Felid Necromancer on Sept 13, 2021.
             Was an Initiate of Ashenzari.
             Killed by nerve-wracking pain
             ... invoked by an orc priest
              (9 damage)
             ... on level 3 of the Dungeon.
             The game lasted 00:08:41 (5427 turns).

GordonOverkill the Grave Robber (Felid Necromancer) Turns: 5427, Time: 00:08:41

Health: -3/15      AC:  1    Str:  3 (4)  XL:     3   Next: 55%
Magic:  5/7        EV: 18    Int: 16 (17) God:    Ashenzari [......]
Gold:   50         SH:  0    Dex: 15 (16) Spells: 2/6 levels left
                                        Lives:  0   Deaths: 0

rFire   . . .      SeeInvis +     - Unarmed
rCold   . . .      Faith    .   (shield unavailable)
rNeg    . . .      Spirit   .   (armour unavailable)
rPois   .          Reflect  .   (helmet unavailable)
rElec   .          Harm     .   (cloak unavailable)
rCorr   .          Rampage  .   (gloves unavailable)
Will    .....                   (boots unavailable)
Stlth   ++........              (no amulet)
HPRegen 0.05/turn               (no ring)
MPRegen 0.10/turn               (no ring)

@: quick
A: very small, claws 1, fangs 3, see invisible, speed 1, shaggy fur 1, stealthy
paws, no weapons or thrown items, no armour, multi-lived
a: Renounce Religion


You were on level 3 of the Dungeon.
You worshipped Ashenzari.
Ashenzari was noncommittal.
You visited 1 branch of the dungeon, and saw 3 of its levels.

You collected 50 gold pieces.

Inventory:

Potions
 a - a potion of brilliance
 b - a potion of berserk rage


   Skills:
 + Level 1.2 Fighting
 + Level 3.4 Dodging
 - Level 2.6 Stealth
 + Level 1.2 Unarmed Combat
 + Level 2.4 Spellcasting
 - Level 4.0 Necromancy
 + Level 1.1 Transmutations
 + Level 0.0 Poison Magic


You had 2 spell levels left.
You knew the following spells:

 Your Spells              Type           Power      Damage    Failure   Level
a - Pain                  Necr           56%        1d6       3%          1
b - Spider Form           Tmut/Pois      1%         N/A       43%         3

Your spell library contained the following spells:

 Spells                   Type           Power      Damage    Failure   Level
 Animate Skeleton         Necr           28%        N/A       3%          1
 Ensorcelled Hibernation  Hex/Ice        2%         N/A       30%         2
 Vampiric Draining        Necr           7%         2d7       12%         3
 Animate Dead             Necr           7%         N/A       36%         4
 Agony                    Necr           14%        N/A       71%         5


Dungeon Overview and Level Annotations

Branches:
Dungeon (3/15)

Altars:
Ashenzari

Shops:
D:1 *   D:2 *


Innate Abilities, Weirdness & Mutations

You have sharp claws.
You have razor-sharp teeth.
You have supernaturally acute eyesight. (SInv)
You cover ground quickly. (Speed+)
You are covered in fur. (AC +1)
Your paws help you pounce on unaware monsters.
You are incapable of wielding weapons or throwing items.
You cannot wear armour.
You gain extra lives every three experience levels.


Message History

The orc writhes in agony.
You kill the orc!
You feel your intelligence returning.
You see here 22 stones.
You start resting.
An orc priest is nearby!
There is a stone staircase leading up here.
You climb upwards.
There is a stone staircase leading down here.
You start resting.
Magic restored.
You start resting.
HP restored.
You climb downwards.
There is a stone staircase leading up here.
An orc priest is nearby!
An orc priest is nearby!
The orc priest shouts!
Casting: Pain (safe; 3% risk of failure)
Confirm with . or Enter, or press ? or * to list all spells.
You can't see any susceptible monsters within range! (Use Z to cast anyway.)
Casting: Pain (safe; 3% risk of failure)
Confirm with . or Enter, or press ? or * to list all spells.
Aiming: Pain (safe; 3% risk of failure)
Press: ? - help, Shift-Dir - straight line, f - orc priest
Aim: an orc priest, wielding a +0 falchion and wearing a +0 scale mail (chance to affect: 72%)
The orc priest writhes in agony.
The orc priest mumbles some strange prayers to Beogh against you.
Pain shoots through your body!
* * * LOW HITPOINT WARNING * * *
Casting: Pain (safe; 3% risk of failure)
Confirm with . or Enter, or press ? or * to list all spells.
Aiming: Pain (safe; 3% risk of failure)
Press: ? - help, Shift-Dir - straight line, f/p - orc priest
Aim: an orc priest, wielding a +0 falchion and wearing a +0 scale mail (moderately wounded, chance to affect: 72%)
The orc priest writhes in agony.
The orc priest mumbles some strange prayers to Beogh against you.
Pain shoots through your body!
Ouch! That really hurt!
You die...

....###.####
# ..##)#
#.#.# #.oo#
#...#
#...#..#
##.##(.# #.
#.## #
#@#####
#.....#
#(###.# #.#
#.# #.# #.#
#.# #<#
#.###.#
#..##.#
##.##.#


You could see an orc priest and an orc.

Vanquished Creatures
  An adder (D:2)
  A worm (D:2)
  2 orcs (D:3)
  2 endoplasms
  9 giant cockroaches
  2 hobgoblins
  A quokka (D:1)
  4 bats
  3 frilled lizards (D:1)
  A goblin (D:2)
  3 kobolds
  3 rats (D:2)
32 creatures vanquished.

Vanquished Creatures (others)
  2 demonic plants (D:1)
  A plant (D:1)
  A withered plant (D:1)
4 creatures vanquished.

Grand Total: 36 creatures vanquished

Notes
Turn   | Place    | Note
-------+----------+-------------------------------------------
     0 | D:1      | GordonOverkill the Felid Necromancer began the quest for
                  | the Orb.
     0 | D:1      | Reached XP level 1. HP: 7/7 MP: 4/4
   113 | D:1      | Found a faded altar of an unknown god.
   250 | D:1      | Found Tott's Assorted Antiques.
  1286 | D:1      | Reached XP level 2. HP: 9/12 MP: 3/6
  1762 | D:2      | Reached skill level 1 in Fighting
  1806 | D:1      | Reached skill level 1 in Unarmed Combat
  2253 | D:2      | Found a broken altar of Ashenzari.
  2301 | D:2      | Reached XP level 3. HP: 14/15 MP: 5/7
  2376 | D:2      | Became a worshipper of Ashenzari the Shackled
  2974 | D:2      | Reached skill level 1 in Transmutations
  3169 | D:2      | Found Wianocse's General Store.
  4648 | D:2      | Found a broken altar of Ashenzari.
  5054 | D:2      | Found Wianocse's General Store.
  5135 | D:2      | Learned a level 3 spell: Spider Form
  5427 | D:3      | Killed from afar by an orc priest

Illustrated notes

Levels and vault maps discovered:
D:1:      minmay_arrival_arboretum_small, layout_basic,
          shapermc_ecumenical_altar_gd, serial_shops, shop
D:2:      minmay_roachtagon, layout_basic, serial_glass, glass_columns_a,
          glass_columns_b, glass_columns_c, glass_columns_b, serial_shops,
          nicolae_shop_behind_doors, grunt_decor_mini_mirrors,
          kennysheep_flooded_box
D:3:      layout_loops_ring, mainiacjoe_overflow_24_doors, uniq_terence

Skill      XL: |  1  2  3 |
---------------+----------+-----
Dodging        | 3 |  3.4
Fighting       | 1 |  1.2
Unarmed Combat | 1 |  1.2
Transmutations | 1 |  1.1
Stealth        | |  2.6
Spellcasting   | |  2.4
Necromancy     | |  4.0

Action                   || total
-------------------------++-------
Melee: Unarmed           ||     9
 Cast: Pain              ||   118
  Use: Potion            ||     5
       Scroll            ||     2
 Stab: Sleeping          ||     3
Armor: Skin              ||     4
Dodge: Dodged            ||    26

Table legend: (Time is in decaauts)
 A = Elapsed time spent in this place.
 B = Non-inter-level travel time spent in this place.
 C = Inter-level travel time spent in this place.
 D = Time resting spent in this place.
 E = Time spent auto-exploring this place.
 F = Levels seen in this place.
 G = Mean time per level.
                   A        B        C        D        E       F      G
               +--------+--------+--------+--------+--------+-----+--------+
         Total |   4922 |   4846 |     76 |   2656 |   1435 |   3 | 1640.7 |
       Dungeon |   4922 |   4846 |     76 |   2656 |   1435 |   3 | 1640.7 |
               +--------+--------+--------+--------+--------+-----+--------+

Top non-repeatable levels by time:
     D:2: 2588 daAuts
     D:1: 2189 daAuts
     D:3: 144 daAuts
